 Dungeon Crawl Stone Soup version 0.30-b1-2-g02819fbbbe (webtiles) character file.

Game seed: 6069209507381091679

8 Alarkh the Vexing (level 2, 21/21 HPs)
             Began as a Demonspawn Hexslinger on July 11, 2023.
             Got out of the dungeon alive.
             The game lasted 00:00:12 (169 turns).

Alarkh the Vexing (Demonspawn Hexslinger)            Turns: 169, Time: 00:00:12

Health: 21/21      AC:  4    Str: 10    XL:     2   Next: 0%
Magic:  3/3        EV: 12    Int: 14    God:
Gold:   0          SH:  0    Dex: 13    Spells: 2/3 levels left

rFire   . . .        a - +1 sling
rCold   . . .        (no shield)
rNeg    . . .        c - +0 robe
rPois   .            (no helmet)
rElec   .            (no cloak)
rCorr   .            (no gloves)
SInv    .            (no boots)
Will    .....        (no amulet)
Stlth   +            (no ring)
HPRegen 0.23/turn    (no ring)
MPRegen 0.08/turn

%: no passive effects
@: no status effects
A: icy blue scales 1
a: no special abilities


You escaped.
You visited 1 branch of the dungeon, and saw 1 of its levels.

Inventory:

Hand Weapons
 a - a +1 sling (weapon)
Missiles
 d - a throwing net
Armour
 c - a +0 robe (worn)
Scrolls
 b - a scroll of poison
 e - a scroll of teleportation {unknown}


   Skills:
 + Level 1.4 Fighting
 * Level 2.2 Ranged Weapons
 - Level 1.7 Dodging
 - Level 1.0 Spellcasting
 - Level 3.0 Hexes


You had 2 spell levels left.
You knew the following spells:

 Your Spells              Type           Power      Damage    Failure   Level
a - Slow                  Hex            36%        N/A       8%          1

Your spell library contained the following spells:

 Spells                   Type           Power      Damage    Failure   Level
 Lesser Beckoning         Tloc           0%         N/A       36%         2
 Inner Flame              Hex/Fire       4%         N/A       38%         3
 Portal Projectile        Hex/Tloc       8%         N/A       38%         3
 Cause Fear               Hex            4%         N/A       58%         4
 Gell's Gravitas          Tloc           0%         N/A       61%         3
 Teleport Other           Tloc           0%         N/A       61%         3


Dungeon Overview and Level Annotations

Branches:
Dungeon (1/15)

Altars:


Innate Abilities, Weirdness & Mutations

You are partially covered in icy blue scales. (AC +2)


Message History

You shoot a sling bullet.
The sling bullet closely misses the hobgoblin.
You shoot a sling bullet.
The sling bullet closely misses the hobgoblin.
You shoot a sling bullet. The sling bullet hits the hobgoblin.
The hobgoblin is moderately wounded.
You shoot a sling bullet.
The sling bullet barely misses the hobgoblin.
The hobgoblin completely misses you.
You shoot a sling bullet.
The sling bullet closely misses the hobgoblin.
The hobgoblin closely misses you.
You shoot a sling bullet. The sling bullet hits the hobgoblin.
The hobgoblin is almost dead.
The hobgoblin hits you.
You shoot a sling bullet.
The sling bullet closely misses the hobgoblin.
The hobgoblin closely misses you. The hobgoblin barely misses you.
You shoot a sling bullet. The sling bullet hits the hobgoblin.
You kill the hobgoblin!
You see here 8 stones.
A hobgoblin comes into view.
The hobgoblin shouts!
A hobgoblin is nearby!
A hobgoblin is nearby!
You shoot a sling bullet.
The sling bullet hits the hobgoblin but does no damage.
You shoot a sling bullet.
The sling bullet closely misses the hobgoblin.
The hobgoblin closely misses you.
You shoot a sling bullet. The sling bullet hits the hobgoblin.
You kill the hobgoblin!
You have reached level 2!
Your demonic ancestry asserts itself...
Icy blue scales grow over part of your body.
Unknown command.
You see here a hobgoblin corpse.
There is a staircase leading out of the dungeon here.
Are you sure you want to leave the Dungeon?
This will make you lose the game!
You have escaped!

### ### ##.# ###
##.## #.#.
##.###.#.# ##.#
#.#.###.## ##.#.
##.###.#.##
##.###
#@#.#.###.###.##
# ####.##
##.#.## #.#.#
##.## ## ##
#.#.# ## ##


There were no monsters in sight!

Vanquished Creatures
  A dart slug (D:1)
  3 hobgoblins (D:1)
  A quokka (D:1)
5 creatures vanquished.

Notes
Turn   | Place    | Note
-------+----------+-------------------------------------------
     0 | D:1      | Alarkh the Demonspawn Hexslinger began the quest for the
                  | Orb.
     0 | D:1      | Reached XP level 1. HP: 15/15 MP: 2/2
   116 | D:1      | Gained mutation: You are partially covered in icy blue
                  | scales. (AC +2) [demonic ancestry]
   116 | D:1      | Reached XP level 2. HP: 21/21 MP: 3/3
   169 | D:$      | Got out of the dungeon alive.

Illustrated notes

Levels and vault maps discovered:
D:1:      nagdon_arrival_zigzag_paths, layout_basic

Skill      XL: |  1 |
---------------+----+-----
Ranged Weapons | 2 |  2.2
Fighting       | |  1.4
Dodging        | |  1.7
Spellcasting   | |  1.0
Hexes          | |  3.0

Action                     || total
---------------------------++-------
   Fire: Sling             ||    25
  Dodge: Dodged            ||     7
